 Dungeon Crawl Stone Soup version 0.27-a0-732-ga892ba84f6 (webtiles) character file.

Game seed: 5948355792320741323

29 funkygono the Slasher (level 3, -1/28 HPs)
             Began as a Djinni Gladiator on Mar 23, 2021.
             Slain by a hobgoblin
             ... wielding a +0 mace
              (5 damage)
             ... on level 2 of the Dungeon.
             The game lasted 00:01:49 (1500 turns).

funkygono the Slasher (Djinni Gladiator)            Turns: 1500, Time: 00:01:50

Health: -1/28      AC:  5    Str: 13    XL:     3   Next: 16%
Magic:  0/0        EV: 12    Int: 10    God:
Gold:   98         SH:  0    Dex: 14    Spells: 1/2 levels left

rFire    + + .     SeeInvis .   a - +0 long sword
rCold    x . .     Faith    .   (no shield)
rNeg     . . .     Spirit   .   b - +0 leather armour
rPois    ∞         Reflect  .   c - +0 helmet
rElec    .         Harm     .   (no cloak)
rCorr    .         Rampage  .   g - +0 pair of gloves
Will     .....                  (boots unavailable)
Stlth    +.........             (no amulet)
HPRegen  0.09/turn              (no ring)
MPRegen  0.00/turn              (no ring)

@: flying, very slightly contaminated
A: fire resistance 2, cold vulnerability 1, float, innate caster, hp casting,
extra vitality 1
a: no special abilities


You were on level 2 of the Dungeon.
You visited 1 branch of the dungeon, and saw 2 of its levels.

You collected 98 gold pieces.

Inventory:

Hand Weapons
 a - a +0 long sword (weapon)
Missiles
 d - 3 throwing nets (quivered)
Armour
 b - a +0 leather armour (worn)
 c - a +0 helmet (worn)
 g - a +0 pair of gloves (worn)
 h - a +0 ring mail
Magical Staves
 j - a staff of poison
Scrolls
 e - a scroll of teleportation
 f - a scroll of acquirement {unknown}
Potions
 i - a potion of curing {unknown}


   Skills:
 + Level 2.0 Fighting
 + Level 3.9 Long Blades
 + Level 1.8 Throwing
 + Level 0.2 Armour
 + Level 3.5 Dodging


You had one spell level left.
You knew the following spells:

 Your Spells              Type           Power      Damage    Failure   Level
a - Animate Skeleton      Necr           0%         N/A       43%         1
Your spell library was empty.

Dungeon Overview and Level Annotations

Branches:
Dungeon (2/15)

Altars:


Innate Abilities, Weirdness & Mutations

You are immune to poison.
Your flesh is very heat resistant. (rF++)
You are vulnerable to cold. (rC-)
You float through the air rather than walking.
You learn spells naturally, not from books.
Your magical power is your life essence.
You have superior vitality. (+4 HP)


Message History

The ball python bites you. The ball python constricts you.
The hobgoblin hits you with a +0 mace. The ball python completely misses you.
The ball python constricts you.
The hobgoblin hits you but does no damage.
You hit the ball python.
You kill the ball python!
The hobgoblin misses you. The kobold barely misses you.
You closely miss the kobold. The hobgoblin misses you.
The kobold barely misses you.
You riposte.
You barely miss the kobold. You completely miss the kobold.
The hobgoblin hits you but does no damage.
The kobold closely misses you.
You riposte.
You barely miss the kobold.
Casting: Animate Skeleton (safe; 43% risk of failure)
Confirm with . or Enter, or press ? or * to list all spells.
You attempt to give life to the dead...
Before your eyes, flesh is ripped from the corpse!
The dead are flying!
The hobgoblin closely misses you.
The kobold hits your bat skeleton with a +0 short sword.
You closely miss the hobgoblin.
Your bat skeleton barely misses the hobgoblin.
Your bat skeleton hits the hobgoblin but does no damage.
The hobgoblin hits you but does no damage.
The kobold hits your bat skeleton with a +0 short sword.
Your bat skeleton closely misses the hobgoblin.
You barely miss the hobgoblin.
Your bat skeleton closely misses the hobgoblin.
Your bat skeleton hits the hobgoblin.
The hobgoblin closely misses you.
The kobold throws a stone.
The stone hits your bat skeleton.
Your bat skeleton hits the hobgoblin but does no damage.
The hobgoblin hits you with a +0 mace!
* * * LOW HITPOINT WARNING * * *
You hit the hobgoblin.
The hobgoblin is heavily wounded.
Your bat skeleton completely misses the hobgoblin.
Your bat skeleton barely misses the hobgoblin.
The kobold throws a stone.
The stone barely misses your bat skeleton.
The stone hits the hobgoblin.
Your bat skeleton hits the hobgoblin.
The hobgoblin hits you with a +0 mace.
You die...

..............####
#............
..#########..##
#####.#..###. ###
#..# [?$##.#.# #..#
?.??.#...# ##.#
###...?.#..(##
#..####K†).(.$#....#
##....Z†## ##..#.#
####g##.#####(..#...
#@###.......##..#.
#..........## #..
############ .## .#


You could see a hobgoblin (ally target), a kobold and a friendly bat skeleton.

Vanquished Creatures
  A giant cockroach (D:2)
  6 hobgoblins
  2 kobolds (D:2)
  2 oozes (D:1)
  A quokka (D:2)
  5 ball pythons
  2 bats
  A frilled lizard (D:1)
  4 goblins (D:1)
  2 rats
26 creatures vanquished.

Notes
Turn   | Place    | Note
-------+----------+-------------------------------------------
     0 | D:1      | funkygono the Djinni Gladiator began the quest for the Orb.
     0 | D:1      | Reached XP level 1. HP: 18/18 MP: 0/0
   222 | D:1      | Reached XP level 2. HP: 19/23 MP: 0/0
  1478 | D:2      | Reached XP level 3. HP: 27/28 MP: 0/0
  1478 | D:2      | Learned a level 1 spell: Animate Skeleton
  1500 | D:2      | Slain by a hobgoblin

Illustrated notes

Levels and vault maps discovered:
D:1:      ncdulo_smallfort, layout_basic, bh_walls_and_bars
D:2:      layout_basic, lemuel_coloured_pillars_altar, minmay_joined_circles

Action                   || total
-------------------------++-------
Melee: Long sword        ||    81
 Cast: Animate Skeleton  ||     1
  Use: Scroll            ||     3
Armor: Leather armour    ||    27
Dodge: Dodged            ||    76
       Rpst.: Long sword ||    19

Table legend: (Time is in decaauts)
 A = Elapsed time spent in this place.
 B = Non-inter-level travel time spent in this place.
 C = Inter-level travel time spent in this place.
 D = Time resting spent in this place.
 E = Time spent auto-exploring this place.
 F = Levels seen in this place.
 G = Mean time per level.
                   A        B        C        D        E       F      G
               +--------+--------+--------+--------+--------+-----+--------+
         Total |   1517 |   1501 |     16 |      0 |   1280 |   2 |  758.5 |
       Dungeon |   1517 |   1501 |     16 |      0 |   1280 |   2 |  758.5 |
               +--------+--------+--------+--------+--------+-----+--------+

Top non-repeatable levels by time:
     D:1: 1033 daAuts
     D:2: 483 daAuts
